 Dungeon Crawl Stone Soup version 0.21.1-1-g345015fe64 (webtiles) character file.

76 Ivernyr the Ogre Mage (level 4, -2/42 HPs)
             Began as an Ogre Wizard on Mar 25, 2018.
             Killed from afar by Ivernyr's ghost (5 damage)
             ... with a magic dart
             ... on level 4 of the Dungeon.
             The game lasted 00:09:15 (3006 turns).

Ivernyr the Ogre Mage (Ogre Wizard)                 Turns: 3006, Time: 00:09:15

Health: -2/42      AC:  4    Str: 11    XL:     4   Next: 32%
Magic:  6/10       EV: 10    Int: 20    God:
Gold:   233        SH:  0    Dex: 10    Spells: 3/12 levels left

rFire    . . .     SeeInvis .   (no weapon)
rCold    . . .     Gourm    .   (no shield)
rNeg     . . .     Faith    .   a - +0 robe
rPois    .         Spirit   .   b - +0 hat
rElec    .         Reflect  .   g - +0 cloak
rCorr    .         Harm     .   (gloves unavailable)
MR       .....                  (boots unavailable)
Stlth    ++........             (no amulet)
HPRegen  0.14/turn              f - ring of flight
MPRegen  0.12/turn              o - +3 ring of dexterity

@: no status effects
A: large, unfitting armour, tough skin 1
a: Evoke Flight


You were on level 4 of the Dungeon.
You were not hungry.

You visited 1 branch of the dungeon, and saw 4 of its levels.

You collected 233 gold pieces.

Inventory:

Armour
 a - a +0 robe (worn)
 b - a +0 hat (worn)
 g - a +0 cloak (worn)
Jewellery
 f - a ring of flight (left hand)
 o - a +3 ring of dexterity (right hand)
Scrolls
 e - 3 scrolls of teleportation {unknown}
 i - 6 scrolls of identify {unknown}
 k - 4 scrolls of amnesia {unknown}
 l - a scroll of fear {unknown}
 p - a scroll of enchant weapon {unknown}
 r - 2 scrolls of remove curse {unknown}
 t - a scroll of blinking {unknown}
Potions
 h - a potion of brilliance {unknown}
 m - 3 potions of flight {unknown}
 n - 2 potions of curing {unknown}
 q - a potion of ambrosia {unknown}
 u - a potion of haste {unknown}
 v - a potion of invisibility {unknown}
 w - a potion of mutation {unknown}
Books
 c - a book of Minor Magic

   Spells                             Type                      Level
   a - Magic Dart                     Conjuration                  1
   b - Blink                          Translocation                2
   c - Call Imp                       Summoning                    2
   d - Slow                           Hexes                        2
   e - Conjure Flame                  Conjuration/Fire             3
   f - Mephitic Cloud                 Conjuration/Poison/Air       3
 s - a Fen Folio

   Spells                             Type                      Level
   a - Corpse Rot                     Necromancy                   2
   b - Stone Arrow                    Conjuration/Earth            3
   c - Leda's Liquefaction            Hexes/Earth                  4
   d - Summon Forest                  Summoning/Translocation      5
   e - Hydra Form                     Transmutation                6
   f - Summon Hydra                   Summoning                    7
Comestibles
 d - 7 rations


   Skills:
 + Level 2.1 Fighting
 - Level 2.0 Dodging
 - Level 1.4 Stealth
 * Level 4.7 Spellcasting
 + Level 1.8 Conjurations
   Level 0.8 Summonings
 - Level 0.8 Translocations


You had 3 spell levels left.
You knew the following spells:

 Your Spells              Type           Power        Failure   Level  Hunger
a - Magic Dart            Conj           ##..         5%          1    None
b - Blink                 Tloc           N/A          13%         2    #......
c - Conjure Flame         Conj/Fire      #.......     24%         3    ##.....
d - Mephitic Cloud        Conj/Pois/Air  #.......     28%         3    ##.....


Dungeon Overview and Level Annotations

Branches:
Dungeon (4/15)
 Temple: D:4-7

Altars:

Annotations:
D:4 Ivernyr's ghost, amateur OgWz


Innate Abilities, Weirdness & Mutations

You are too large for most types of armour.
You have tough skin. (AC +1)


Message History

Ivernyr's ghost is heavily damaged.
Ivernyr's ghost barely misses you. x2
Throwing (i - inventory):
j - a large rock (quivered)
Press: ? - help, Shift-Dir - straight line, f/p - Ivernyr's ghost
Aim: Ivernyr's ghost (heavily damaged)
You throw a large rock.
The large rock hits Ivernyr's ghost but does no damage.
Ivernyr's ghost is heavily damaged.
Ivernyr's ghost hits you.
* * * LOW HITPOINT WARNING * * *
Ivernyr's ghost hits you!
* * * LOW HITPOINT WARNING * * *
Firing (i - inventory): No suitable missiles.
Press: ? - help, Shift-Dir - straight line, f/p - Ivernyr's ghost
Aim: Ivernyr's ghost (heavily damaged)
Okay, then.
You see here 22 stones.
Ivernyr's ghost casts a spell at you. The magic dart hits you!
You die...

#.# # ### #.#
#. ..# #.#
#.# #.# #.#
.....# #w#
#.#.#.# #.#
#.....# #.#
#.# #####.#
#.# #.@...#
.#####.#
#.#####
.......# #W#
#####..# #(#
#..# #.#
#..########.#
#....((w..w.#
##.##########
...#


You could see a worm and Ivernyr's ghost.

Vanquished Creatures
  3 adders
  2 worms
  3 leopard geckos
  4 orcs (D:4)
  3 bats
  3 giant cockroaches
  4 goblins
  4 hobgoblins
  A quokka (D:3)
  A frilled lizard (D:3)
  5 kobolds
  3 rats
36 creatures vanquished.

Notes
Turn   | Place    | Note
-------+----------+-------------------------------------------
     0 | D:1      | Ivernyr the Ogre Wizard began the quest for the Orb.
     0 | D:1      | Reached XP level 1. HP: 16/16 MP: 5/5
    94 | D:1      | Reached skill level 1 in Conjurations
   249 | D:1      | Reached XP level 2. HP: 21/26 MP: 1/6
   328 | D:1      | Reached skill level 1 in Fighting
   381 | D:1      | Learned a level 2 spell: Blink
   746 | D:2      | Reached skill level 4 in Spellcasting
   746 | D:2      | Reached XP level 3. HP: 33/33 MP: 0/8
  1463 | D:2      | Learned a level 3 spell: Conjure Flame
  1467 | D:2      | Learned a level 3 spell: Mephitic Cloud
  1897 | D:3      | Reached XP level 4. HP: 42/42 MP: 3/10
  2913 | D:4      | Noticed Ivernyr's ghost (amateur OgWz)
  2997 | D:4      | HP: 2/42 [Ivernyr's ghost (8)]
  3006 | D:4      | Killed from afar by Ivernyr's ghost

Skill      XL: |  1  2  3 |
---------------+----------+-----
Conjurations   | 1 |  1.8
Dodging        | 2 |  2.0
Fighting       | 1 2 |  2.1
Spellcasting   | 4 |  4.7
Stealth        | |  1.4
Summonings     | |  0.8
Translocations | |  0.8

Action                   |  1- 3 |  4- 6 || total
-------------------------+-------+-------++-------
Melee: Unarmed           |    44 |     3 ||    47
Throw: Large rock        |     1 |     5 ||     6
 Cast: Magic Dart        |    74 |    32 ||   106
       Blink             |       |     4 ||     4
       Conjure Flame     |       |     2 ||     2
  Eat: Chunk             |     3 |     3 ||     6
Armor: Robe              |    24 |     5 ||    29
Dodge: Dodged            |    37 |    10 ||    47
